 Dungeon Crawl Stone Soup version 0.28-a0-1429-gf3d713df7a (webtiles) character file.

Game seed: 1203330185707961170

60 lvndrhze the Skirmisher (level 3, -4/34 HPs)
             Began as a Minotaur Berserker on Jan 8, 2022.
             Was a Follower of Trog.
             Slain by Natasha (9 damage)
             ... on level 2 of the Dungeon.
             The game lasted 00:05:10 (848 turns).

lvndrhze the Skirmisher (Minotaur Berserker)         Turns: 848, Time: 00:05:17

Health: -4/34      AC:  2    Str: 23    XL:     3   Next: 80%
Magic:  2/2        EV: 12    Int:  4    God:    Trog [*.....]
Gold:   68         SH:  0    Dex:  9    Spells: 2/2 levels left

rFire   . . .      SeeInvis .   h - +1 battleaxe (flame)
rCold   . . .      Faith    .   (shield currently unavailable)
rNeg    . . .      Spirit   .   b - +0 animal skin
rPois   .          Reflect  .   (helmet restricted)
rElec   .          Harm     .   (no cloak)
rCorr   .          Rampage  .   (no gloves)
Will    .....                   (no boots)
Stlth   +.........              (no amulet)
HPRegen 0.11/turn               (no ring)
MPRegen 0.08/turn               (no ring)

@: slowed, very slow
A: horns 2, retaliatory headbutt
a: Renounce Religion, Berserk


You were on level 2 of the Dungeon.
You worshipped Trog.
Trog was aware of your devotion.
You visited 1 branch of the dungeon, and saw 2 of its levels.

You collected 68 gold pieces.

Inventory:

Hand Weapons
 a - a +0 falchion
 h - a +1 battleaxe of flaming (weapon)
Armour
 b - a +0 animal skin (worn)
Scrolls
 f - a scroll of vulnerability {unknown}
 g - a scroll of identify {unknown}
Potions
 c - a potion of heal wounds {unknown}
 d - a potion of attraction
 e - a potion of lignification {unknown}


   Skills:
 + Level 4.7 Fighting
 + Level 4.6 Long Blades
 + Level 2.8 Armour
 + Level 2.3 Dodging


You had 2 spell levels left.
You didn't know any spells.
Your spell library was empty.

Dungeon Overview and Level Annotations

Branches:
Dungeon (2/15)

Altars:

Annotations:
D:2 Natasha


Innate Abilities, Weirdness & Mutations

You have a pair of horns on your head.
You reflexively headbutt those who attack you in melee.


Message History

You closely miss Jessica.
Jessica casts a spell.
Jessica blinks!
Jessica closely misses you.
You barely miss Jessica.
Jessica points at you and mumbles some strange words.
You feel yourself slow down.
Jessica gestures wildly.
Jessica hits you with a +0 dagger.
You hit Jessica. You burn Jessica. You headbutt Jessica.
You kill Jessica!
Trog accepts your kill.
Trog appreciates your killing of a magic user.
Things that are here:
a +0 dagger; a +0 robe; the human corpse of Jessica You feel yourself speed up.
You see here a +0 hand axe.
You can't go down here!
There is a stone staircase leading down here.
Found a stone staircase leading down.
Natasha, Servant of Life and Death comes into view.
Natasha hisses angrily.
Natasha casts a spell at you.
You feel yourself slow down. Natasha claws you. Natasha claws you!
You closely miss Natasha. Natasha claws you!
Natasha hisses.
Natasha claws you but does no damage.
You slash Natasha! You burn Natasha. Your headbutt misses Natasha.
Natasha is severely wounded.
Natasha claws you. Natasha closely misses you. You furiously retaliate!
You headbutt Natasha, but do no damage. Natasha closely misses you.
You barely miss Natasha.
Natasha is severely wounded.
Natasha stares at you and mumbles some strange words.
The magic dart hits you!
* * * LOW HITPOINT WARNING * * *
Natasha mumbles some strange words.
Natasha claws you!
You die...

#### ### ...# #.###
...# #...# ...# #.#.#
...####.#.#
........#.#
#########.#
...######.#
#..5@h....# ..## #.#
##.##....... #..# #.#
#.# .###.#.
##.######)####.##.####
)....................>
##.######.####.##..###
#.....#
#..............
#.รท...#
######.........
#.....# #......#...


You could see Natasha and a crimson imp (summoned).

Vanquished Creatures
  Jessica (D:2)
  2 adders (D:2)
  A dart slug (D:1)
  2 ball pythons (D:1)
  A bat (D:1)
  3 endoplasms (D:1)
  2 giant cockroaches (D:1)
  2 rats
14 creatures vanquished.

Notes
Turn   | Place    | Note
-------+----------+-------------------------------------------
     0 | D:1      | lvndrhze the Minotaur Berserker began the quest for the
                  | Orb.
     0 | D:1      | Reached XP level 1. HP: 19/19 MP: 0/0
   230 | D:1      | Reached XP level 2. HP: 24/27 MP: 1/1
   506 | D:2      | Reached XP level 3. HP: 11/34 MP: 2/2
   661 | D:2      | Noticed Jessica
   669 | D:2      | Killed Jessica
   842 | D:2      | Noticed Natasha
   848 | D:2      | Slain by Natasha

Illustrated notes

Levels and vault maps discovered:
D:1:      moated_graveyard_arrival, layout_basic,
          hellmonk_ecumenical_altar_blasted, feat_on_display
D:2:      layout_basic, uniq_natasha, uniq_jessica

Skill      XL: |  1  2 |
---------------+-------+-----
Long Blades    | 4 |  4.6
Fighting       | 4 |  4.7
Armour         | |  2.8
Dodging        | |  2.3

Action                   || total
-------------------------++-------
Melee: Falchion          ||    21
       Headbutt          ||     5
       Battleaxe         ||     6
Invok: Berserk           ||     1
  Use: Potion            ||     1
Armor: Animal skin       ||     2
Dodge: Dodged            ||    15

Table legend: (Time is in decaauts)
 A = Elapsed time spent in this place.
 B = Non-inter-level travel time spent in this place.
 C = Inter-level travel time spent in this place.
 D = Time resting spent in this place.
 E = Time spent auto-exploring this place.
 F = Levels seen in this place.
 G = Mean time per level.
                   A        B        C        D        E       F      G
               +--------+--------+--------+--------+--------+-----+--------+
         Total |    872 |    869 |      3 |      0 |      0 |   2 |  436.0 |
       Dungeon |    872 |    869 |      3 |      0 |      0 |   2 |  436.0 |
               +--------+--------+--------+--------+--------+-----+--------+

Top non-repeatable levels by time:
     D:2: 457 daAuts
     D:1: 414 daAuts
